 Dungeon Crawl Stone Soup version 0.27-a0-1456-gf5a116941d (webtiles) character file.

Game seed: 18395144887259070028

1910 Lanoc the Frost Mage (level 8, -1/61 HPs)
             Began as a Deep Elf Ice Elementalist on July 6, 2021.
             Was a Believer of Makhleb.
             Slain by a vampire (9 damage)
             ... on level 6 of the Dungeon.
             The game lasted 00:10:49 (5679 turns).

Lanoc the Frost Mage (Deep Elf Ice Elementalist)    Turns: 5679, Time: 00:10:49

Health: -1/61      AC:  3    Str:  5    XL:     8   Next: 94%
Magic:  22/23      EV: 16    Int: 23    God:    Makhleb [**....]
Gold:   277        SH:  0    Dex: 15    Spells: 4/13 levels left

rFire    . . .     SeeInvis .   o - +7 spear
rCold    . . .     Faith    .   (no shield)
rNeg     . . .     Spirit   .   a - +0 robe
rPois    .         Reflect  .   (no helmet)
rElec    .         Harm     .   p - +0 cloak {Will+}
rCorr    .         Rampage  .   (no gloves)
Will     +....                  (no boots)
Stlth    ..........             (no amulet)
HPRegen  0.20/turn              c - ring of wizardry
MPRegen  0.18/turn              d - ring of magical power

@: berserking, very quick
A: no striking features
a: Renounce Religion, Minor Destruction


You were on level 6 of the Dungeon.
You worshipped Makhleb.
Makhleb was pleased with you.
You visited 1 branch of the dungeon, and saw 6 of its levels.

You collected 277 gold pieces.

Inventory:

Hand Weapons
 o - a +7 spear (weapon)
Missiles
 t - a throwing net
Armour
 a - a +0 robe (worn)
 p - a +0 cloak of willpower (worn)
Jewellery
 c - a ring of wizardry (left hand)
 d - a ring of magical power (right hand)
 j - a ring of flight
Wands
 s - a wand of digging (5)
Scrolls
 g - a scroll of vulnerability
 l - a scroll of enchant weapon
 n - a scroll of immolation
 q - 2 scrolls of noise {unknown}
 r - a scroll of fog {unknown}
 u - a scroll of enchant armour {unknown}
 w - a scroll of summoning {unknown}
 x - a scroll of teleportation {unknown}
 y - a scroll of amnesia {unknown}
Potions
 b - a potion of curing
 e - a potion of haste
 h - a potion of heal wounds
 k - 2 potions of lignification {unknown}
 m - 2 potions of cancellation
 v - a potion of attraction {unknown}
 z - a potion of resistance


   Skills:
 + Level 8.3 Dodging
 - Level 2.4 Stealth
 - Level 3.0 Spellcasting
 * Level 11.1 Ice Magic


You had 4 spell levels left.
You knew the following spells:

 Your Spells              Type           Power      Damage    Failure   Level
a - Freeze                Ice            100%       1d11      1%          1
b - Frozen Ramparts       Ice            100%       1d12      1%          3
c - Ozocubu's Armour      Ice            53%        N/A       1%          3
d - Ensorcelled Hibernat  Hex/Ice        58%        N/A       1%          2

Your spell library contained the following spells:

 Spells                   Type           Power      Damage    Failure   Level
 Magic Dart               Conj           12%        1d3       4%          1
 Pain                     Necr           12%        1d4       4%          1
 Summon Small Mammal      Summ           12%        N/A       4%          1
 Hailstorm                Conj/Ice       29%        3d8       4%          4
 Searing Ray              Conj           6%         3d3       7%          2
 Sublimation of Blood     Necr           1%         N/A       7%          2
 Call Canine Familiar     Summ           3%         N/A       14%         3
 Spider Form              Tmut/Pois      1%         N/A       14%         3
 Summon Guardian Golem    Hex/Summ       3%         N/A       14%         3
 Fulminant Prism          Conj/Hex       1%         3d6       41%         4
 Petrify                  Tmut/Erth      3%         N/A       41%         4
 Agony                    Necr           3%         N/A       75%         5
 Excruciating Wounds      Necr           1%         N/A       75%         5
 Irradiate                Conj/Tmut      1%         3d13      75%         5
 Summon Forest            Summ/Tloc      1%         N/A       75%         5
 Summon Mana Viper        Hex/Summ       3%         N/A       75%         5
 Shadow Creatures         Summ           N/A        N/A       99%         6
 Orb of Destruction       Conj           1%         N/A       100%        7
 Spellforged Servitor     Conj/Summ      1%         N/A       100%        7


Dungeon Overview and Level Annotations

Branches:
Dungeon (6/15)
 Temple: D:4-7

Altars:
Ashenzari
Elyvilon
Fedhas
Gozag
Hepliaklqana
Makhleb
Trog
Wu Jian
Yredelemnul
Zin
The Shining One

Annotations:
D:3 3 runed translucent doors, bmj180's ghost, amateur DrCj
D:4 2 transporters, p0werm0de's ghost, novice DsFi


Message History

Something you can't see is in the way.
You miss something.
The wyvern zombie resists.
The wall freezes the wyvern zombie.
The wall freezes something.
Something barely misses you. Something bites you!
* * * LOW HITPOINT WARNING * * *
Something draws strength from your injuries!
The wyvern zombie resists.
The wall freezes the wyvern zombie.
It was a potion of heal wounds.
You feel much better.
The wyvern zombie resists.
The wall freezes the wyvern zombie.
The wall freezes something.
Something barely misses you. x2
Reach: o) +7 spear
Press: ? - help, Dir - move target, f/p - wyvern zombie
Aim: a wyvern zombie (heavily damaged, about 17% to evade your +7 spear)
Something you can't see is in the way.
You hit something.
The wyvern zombie resists.
The wall freezes the wyvern zombie.
The wall freezes something.
Something hits you! Something bites you.
Something draws strength from your injuries!
The wyvern zombie completely resists.
The wall freezes the wyvern zombie but does no damage.
Reach: o) +7 spear
Press: ? - help, Dir - move target, f/p - wyvern zombie
Aim: a wyvern zombie (severely damaged, about 17% to evade your +7 spear)
Something you can't see is in the way.
You hit something but do no damage.
The wall freezes something.
Something hits you but does no damage. Something bites you.
Something draws strength from your injuries!
The wyvern zombie resists.
The wall freezes the wyvern zombie.
Okay, then.
It was a potion of berserk rage.
A red film seems to cover your vision as you go berserk!
You feel yourself moving faster!
You feel mighty!
The wall freezes something.
Something hits you. Something bites you!
* * * LOW HITPOINT WARNING * * *
Something draws strength from your injuries!
The wyvern zombie completely resists.
The wall freezes the wyvern zombie but does no damage.
You barely miss something.
The frozen ramparts melt away.
Something hits you!
* * * LOW HITPOINT WARNING * * *
Something closely misses you.
You closely miss something. Something hits you!
You die...

#....#<#.................#
#....#.#.#####...........#
#....#.#.# #...........#
#....#.#.# #...........#
#......#.# #...........#
#...####.# #.#.#########
#...####.#####.#Z#
#..†...........#.#
#...####.#######@# ###.#
#.........# #.#
########### #.# #S# #.#
#<#


You could see a wyvern zombie.

Vanquished Creatures
  Prince Ribbit (D:6)
  2 fire bats (D:5)
  A water moccasin (D:4)
  A black bear (D:5)
  An ice beast (D:5)
  A centaur (D:5)
  2 ogres
  2 phantoms
  A bullfrog (D:4)
  A scorpion (D:5)
  4 hounds
  4 jellies
  2 centaur skeletons
  Terence (D:2)
  4 iguanas
  10 gnolls
  5 adders
  2 worms
  5 dart slugs
  6 orcs
  10 endoplasms
  3 giant cockroaches
  3 goblins
  4 hobgoblins
  14 jackals
  3 quokkas
  5 ball pythons
  A bat (D:1)
  A frilled lizard (D:1)
  13 kobolds
  A rat (D:2)
114 creatures vanquished.

Vanquished Creatures (others)
  4 fungi (D:2)
  9 toadstools (D:2)
13 creatures vanquished.

Grand Total: 127 creatures vanquished

Notes
Turn   | Place    | Note
-------+----------+-------------------------------------------
     0 | D:1      | Lanoc the Deep Elf Ice Elementalist began the quest for the
                  | Orb.
     0 | D:1      | Reached XP level 1. HP: 10/10 MP: 6/6
   226 | D:1      | Reached XP level 2. HP: 15/15 MP: 1/8
   557 | D:1      | Reached skill level 5 in Ice Magic
  1219 | D:2      | Reached XP level 3. HP: 19/19 MP: 9/9
  1223 | D:2      | Learned a level 3 spell: Frozen Ramparts
  1305 | D:2      | Reached XP level 4. HP: 24/24 MP: 10/10
  1381 | D:2      | Reached skill level 6 in Ice Magic
  1563 | D:2      | Found a faded altar of an unknown god.
  1573 | D:2      | Noticed Terence
  1829 | D:2      | Found a glowing silver altar of Zin.
  1852 | D:2      | Became a worshipper of Makhleb the Destroyer
  1852 | D:2      | Reached * piety under Makhleb
  2207 | D:2      | Learned a level 3 spell: Ozocubu's Armour
  2220 | D:2      | Reached XP level 5. HP: 28/28 MP: 11/11
  2394 | D:2      | Killed Terence
  2583 | D:3      | Found a runed translucent gate.
  2583 | D:3      | Found a runed translucent gate.
  2583 | D:3      | Found a runed translucent gate.
  2711 | D:3      | Noticed bmj180's ghost (amateur DrCj)
  2845 | D:3      | Found a broken altar of Ashenzari.
  3269 | D:3      | Found a basalt altar of Yredelemnul.
  3275 | D:3      | Found a bloodstained altar of Trog.
  3276 | D:3      | Found a white marble altar of Elyvilon.
  3276 | D:3      | Found a blossoming altar of Fedhas.
  3276 | D:3      | Found an ornate altar of the Wu Jian Council.
  3278 | D:3      | Found an opulent altar of Gozag.
  3281 | D:3      | Found a hazy altar of Hepliaklqana.
  3283 | D:3      | Found a glowing golden altar of the Shining One.
  3442 | D:4      | Reached skill level 7 in Ice Magic
  3442 | D:4      | Reached XP level 6. HP: 26/32 MP: 12/12
  3533 | D:4      | Reached skill level 5 in Dodging
  3663 | D:4      | Reached ** piety under Makhleb
  3709 | D:4      | Noticed a water moccasin
  3716 | D:4      | Killed a water moccasin
  3717 | D:4      | Reached skill level 8 in Ice Magic
  3717 | D:4      | Reached XP level 7. HP: 36/36 MP: 13/13
  3918 | D:4      | Found a transporter.
  3922 | D:4      | Found a transporter.
  3922 | D:4      | Noticed p0werm0de's ghost (novice DsFi)
  4038 | D:5      | Entered Level 5 of the Dungeon
  4043 | D:5      | Found a transporter.
  4116 | D:5      | Reached skill level 9 in Ice Magic
  4694 | D:5      | Learned a level 2 spell: Ensorcelled Hibernation
  4737 | D:5      | Reached XP level 8. HP: 41/41 MP: 14/14
  5013 | D:5      | Reached skill level 10 in Ice Magic
  5181 | D:5      | Found a transporter.
  5556 | D:6      | Noticed Prince Ribbit
  5562 | D:6      | Killed Prince Ribbit
  5563 | D:6      | Reached skill level 11 in Ice Magic
  5679 | D:6      | Slain by a vampire

Illustrated notes

Levels and vault maps discovered:
D:1:      sevenhm_arrival_forest_fort_large_4, layout_rooms
D:2:      cheibrodos_fertilizer, layout_rooms, basic_altar,
          hellmonk_ecumenical_altar_lost_god, uniq_terence
D:3:      layout_basic, minitemple, serial_curves, eino_curves_01,
          eino_curves_02, gammafunk_ghost_icy
D:4:      layout_rooms, gammafunk_ghost_mausoleum
D:5:      gammafunk_cloud_chamber, layout_basic, grunt_tough_drop
D:6:      layout_basic, minmay_temple_entry_fiery, uniq_pikel,
          uniq_prince_ribbit1

Skill      XL: |  1  2  3  4  5  6  7  8 |
---------------+-------------------------+-----
Ice Magic      | 5 6 7 8 9 11 | 11.1
Dodging        | 3 4 5 6 8 |  8.3
Stealth        | |  2.4
Spellcasting   | |  3.0

Action                   |  1- 3 |  4- 6 |  7- 9 || total
-------------------------+-------+-------+-------++-------
Melee: Unarmed           |     6 |     8 |       ||    14
       Spear             |       |    21 |    75 ||    96
 Cast: Freeze            |    38 |    14 |    14 ||    66
       Frozen Ramparts   |     3 |    25 |    21 ||    49
       Ozocubu's Armour  |       |     3 |     1 ||     4
  Use: Scroll            |       |       |     5 ||     5
       Potion            |       |       |     4 ||     4
 Stab: Sleeping          |       |       |     1 ||     1
Armor: Robe              |     3 |    23 |    14 ||    40
Dodge: Dodged            |    22 |    50 |    78 ||   150

Table legend: (Time is in decaauts)
 A = Elapsed time spent in this place.
 B = Non-inter-level travel time spent in this place.
 C = Inter-level travel time spent in this place.
 D = Time resting spent in this place.
 E = Time spent auto-exploring this place.
 F = Levels seen in this place.
 G = Mean time per level.
                   A        B        C        D        E       F      G
               +--------+--------+--------+--------+--------+-----+--------+
         Total |   5668 |   5486 |    182 |    430 |   4180 |   6 |  944.7 |
       Dungeon |   5668 |   5486 |    182 |    430 |   4180 |   6 |  944.7 |
               +--------+--------+--------+--------+--------+-----+--------+

Top non-repeatable levels by time:
     D:1: 1426 daAuts
     D:5: 1267 daAuts
     D:2: 1039 daAuts
     D:3: 960 daAuts
     D:4: 746 daAuts
     D:6: 226 daAuts
